 Dungeon Crawl Stone Soup version 0.32-a0-572-g3e1049bc92 (webtiles) character file.

Game seed: 6057978914243434738

245 allion the Chopper (level 6, -1/47 HPs)
             Began as a Coglin Gladiator on Mar 1, 2024.
             Incinerated by a bombardier beetle (5 damage)
             ... with a burning spray
             ... on level 5 of the Dungeon.
             The game lasted 00:03:00 (2251 turns).

allion the Chopper (Coglin Gladiator)               Turns: 2251, Time: 00:03:01

Health: -1/47      AC:  5    Str: 17    XL:     6   Next: 10%
Magic:  6/6        EV: 13    Int:  7    God:
Gold:   37         SH:  0    Dex: 15    Spells: 5/5 levels left

rFire   . . .        a - +0 war axe {Cortez}
rCold   . . .        l - +0 dagger (speed) {Zoran}
rNeg    . . .        b - +0 leather armour
rPois   .            c - +0 helmet
rElec   .            (no cloak)
rCorr   .            h - +0 pair of gloves
SInv    .            (no boots)
Will    .....        (amulet unavailable)
Stlth   +            (ring unavailable)
HPRegen 0.27/turn    (ring unavailable)
MPRegen 0.10/turn    (no gizmo)

%: no passive effects
@: lethally poisoned (-1 -> -17), on fire, glowing, revved
A: off-hand wielding, slow wielding, warmup strikes, no jewellery
a: Invent Gizmo


You were on level 5 of the Dungeon.
You visited 1 branch of the dungeon, and saw 5 of its levels.

You collected 97 gold pieces.
You spent 60 gold pieces at shops.

Inventory:

Hand Weapons
 a - a +0 war axe (weapon) {Cortez}
 l - a +0 dagger of speed (offhand) {Zoran}
Missiles
 d - 3 throwing nets (quivered)
 e - a javelin
Armour
 b - a +0 leather armour (worn)
 c - a +0 helmet (worn)
 h - a +0 pair of gloves (worn)
Wands
 m - a wand of digging (6)
Scrolls
 g - a scroll of identify {unknown}
 i - a scroll of teleportation {unknown}
 o - a scroll of vulnerability {unknown}
 p - a scroll of fog {unknown}
 u - a scroll of immolation {unknown}
 v - a scroll of silence {unknown}
Potions
 f - a potion of might {unknown}
 j - 2 potions of brilliance {unknown}
 k - a potion of degeneration {unknown}
 n - a potion of ambrosia {unknown}
 q - a potion of heal wounds
 r - 2 potions of curing {unknown}
 s - a potion of invisibility {unknown}
 t - a potion of lignification {unknown}
 w - a potion of mutation {unknown}


   Skills:
 + Level 3.2 Fighting
 * Level 4.8 Axes
 - Level 1.7 Throwing
 + Level 2.0 Armour
 + Level 3.5 Dodging


You had 5 spell levels left.
You didn't know any spells.
Your spell library contained the following spells:

 Spells                   Type           Power      Damage    Failure   Level
 Tukima's Dance           Hex            0%         N/A       86%         3
 Dimensional Bullseye     Hex/Tloc       0%         N/A       99%         4
 Iskenderun's Mystic Bla  Conj/Tloc      0%         2d3       99%         4


Dungeon Overview and Level Annotations

Branches:
Dungeon (5/15)
 Temple: D:4-7

Altars:

Shops:
D:1 *   D:4 =!(=:


Innate Abilities, Weirdness & Mutations

You can wield a second weapon in your off-hand.
It takes a long time for you to wield or remove held weapons.
Your first few attacks do less damage.
You cannot equip rings or amulets.


Message History

You hit the bombardier beetle but do no damage.
The liquid fire burns you!
The bombardier beetle barely misses you.
You hit the bombardier beetle with your +0 dagger of speed.
The bombardier beetle is moderately wounded.
You closely miss the bombardier beetle with your +0 war axe.
The liquid fire burns you!
You hit the bombardier beetle with your +0 dagger of speed.
The bombardier beetle is heavily wounded.
You slash the bombardier beetle with your +0 war axe!
You kill the bombardier beetle!
The liquid fire burns you!
Your Armour skill increases to level 2!
You have reached level 6!
You barely miss the water moccasin with your +0 dagger of speed.
You hit the water moccasin but do no damage.
The liquid fire burns you! The water moccasin bites you. x2
You are poisoned.
The water moccasin poisons you!
Unknown command.
You hit the water moccasin but do no damage.
You barely miss the water moccasin with your +0 dagger of speed.
The liquid fire burns you!
You feel sick. The water moccasin bites you.
* * * LOW HITPOINT WARNING * * *
You hit the water moccasin with your +0 dagger of speed.
The water moccasin is lightly wounded.
You closely miss the water moccasin with your +0 war axe.
The liquid fire burns you!
* * * LOW HITPOINT WARNING * * *
You feel sick. The water moccasin bites you.
* * * LOW HITPOINT WARNING * * *
You are more poisoned.
The water moccasin poisons you!
You hit the water moccasin with your +0 dagger of speed.
The water moccasin is lightly wounded.
You slash the water moccasin with your +0 war axe!
The liquid fire burns you!
You die...

#..........#...
##..#.......[..
#..##.........
#####..##.#.#.###.
#...)..##.#.#.# #.
#.####.##.#...# #.
#.# #.# .# ## #.
#.# #.# .. #@# #.#
.# #S# #.# # #.#
.. ... ## ...
..... .....
.......


You could see a water moccasin.

Vanquished Creatures
  2 bombardier beetles (D:5)
  A hound (D:5)
  A sleepcap (D:5)
  2 orc wizards (D:4)
  A gnoll (D:2)
  An adder (D:4)
  2 dart slugs
  A ribbon worm (D:4)
  7 orcs
  4 ball pythons
  2 bats (D:1)
  4 endoplasms
  2 giant cockroaches
  5 goblins
  3 hobgoblins
  5 jackals (D:2)
  2 frilled lizards (D:1)
  3 kobolds (D:2)
  5 rats
53 creatures vanquished.

Notes
Turn   | Place    | Note
-------+----------+-------------------------------------------
     0 | D:1      | allion the Coglin Gladiator began the quest for the Orb.
     0 | D:1      | Reached XP level 1. HP: 16/16 MP: 1/1
   146 | D:1      | Found Jotoxtup's Assorted Antiques.
   459 | D:1      | Reached XP level 2. HP: 22/22 MP: 2/2
   981 | D:2      | Reached XP level 3. HP: 27/27 MP: 3/3
  1159 | D:2      | Reached skill level 1 in Armour
  1395 | D:3      | You fall into a shaft and drop 1 floor!
  1445 | D:4      | Found Zeelepn's Antique Weapon Shop.
  1597 | D:4      | Found Zaukh's Book Boutique.
  1643 | D:4      | Found Laxie's Jewellery Shoppe.
  1672 | D:4      | Found Enut's Distillery.
  1680 | D:4      | Bought a potion of heal wounds for 60 gold pieces
  1731 | D:4      | Found Bureocu's Jewellery Emporium.
  1747 | D:4      | Reached skill level 4 in Axes
  1747 | D:4      | Reached XP level 4. HP: 34/34 MP: 4/4
  1866 | D:4      | Reached XP level 5. HP: 40/40 MP: 5/5
  1946 | D:5      | Entered Level 5 of the Dungeon
  2242 | D:5      | Noticed a water moccasin
  2248 | D:5      | Reached XP level 6. HP: 34/47 MP: 6/6
  2251 | D:5      | Incinerated by a bombardier beetle

Illustrated notes

Levels and vault maps discovered:
D:1:      dpeg_arrival_long_road, layout_basic, serial_shops,
          nicolae_shop_behind_doors
D:2:      layout_rooms, cheibrodos_gnoll_hut
D:3:      layout_basic, shapermc_ecumenical_altar_starsandcircs,
          nicolae_grassy_gnolls
D:4:      layout_loops_ring, serial_shops, nicolae_shop_tiny_glass,
          kennysheep_little_box, shop, shop, shop
D:5:      layout_loops_ring, amethyst_overflow_temple_binary,
          kennysheep_generic_room_6

Skill      XL: |  1  2  3  4  5 |
---------------+----------------+-----
Armour         | 1 2 |  2.0
Dodging        | 3 |  3.5
Axes           | 4 |  4.8
Fighting       | 3 |  3.2
Throwing       | |  1.7

Action                     |  1- 3 |  4- 6 || total
---------------------------+-------+-------++-------
  Melee: War axe           |    70 |    44 ||   114
         Dagger            |    63 |    42 ||   105
   Stab: Sleeping          |     4 |     1 ||     5
         Distracted        |     1 |       ||     1
 Armour: Leather armour    |    39 |    27 ||    66
  Dodge: Dodged            |    43 |    19 ||    62

Table legend: (Time is in decaauts)
 A = Elapsed time spent in this place.
 B = Non-inter-level travel time spent in this place.
 C = Inter-level travel time spent in this place.
 D = Time resting spent in this place.
 E = Time spent auto-exploring this place.
 F = Levels seen in this place.
 G = Mean time per level.
                   A        B        C        D        E       F      G
               +--------+--------+--------+--------+--------+-----+--------+
         Total |   2253 |   2167 |     86 |      0 |   1801 |   5 |  450.6 |
       Dungeon |   2253 |   2167 |     86 |      0 |   1801 |   5 |  450.6 |
               +--------+--------+--------+--------+--------+-----+--------+

Top non-repeatable levels by time:
     D:1: 774 daAuts
     D:2: 561 daAuts
     D:4: 549 daAuts
     D:5: 304 daAuts
     D:3: 62 daAuts
